 Dungeon Crawl Stone Soup version 0.25-a0-697-g890751e744 (webtiles) character file.

Game seed: 10311313033379137570, levelgen mode: deterministic

7240 Amnesiac the Eclecticist (level 10, -2/75 HPs)
             Began as a Deep Elf Wizard on Apr 1, 2020.
             Was a Follower of Vehumet.
             Slain by a troll (8 damage)
             ... on level 9 of the Dungeon.
             The game lasted 00:35:31 (12861 turns).

Amnesiac the Eclecticist (Deep Elf Wizard)         Turns: 12861, Time: 00:35:32

Health: -2/75      AC:  8    Str:  4    XL:     10   Next: 88%
Magic:  0/31       EV: 13    Int: 27    God:    Vehumet [*.....]
Gold:   596        SH:  0    Dex: 13    Spells: 22/39 levels left

rFire    . . .     SeeInvis +   I - +1 war axe (venom)
rCold    . . .     Gourm    .   (no shield)
rNeg     . . .     Faith    .   s - +0 robe
rPois    .         Spirit   +   K - +2 helmet {SInv}
rElec    .         Reflect  .   r - +0 cloak
rCorr    +         Harm     .   x - +0 pair of gloves
MR       ++...                  y - +0 pair of boots
Stlth    ..........             n - amulet of guardian spirit
HPRegen  0.22/turn              q - ring of protection from magic
MPRegen  0.22/turn              b - ring of resist corrosion

@: berserking, very slightly contaminated, very quick
A: no striking features
a: Renounce Religion


You were on level 9 of the Dungeon.
You worshipped Vehumet.
Vehumet was aware of your devotion.
You were hungry.

You visited 3 branches of the dungeon, and saw 12 of its levels.

You collected 596 gold pieces.

Inventory:

Hand Weapons
 a - a +3 quarterstaff of chaos
 A - a +4 dagger
 I - a +1 war axe of venom (weapon)
Armour
 r - a +0 cloak (worn)
 s - a +0 robe (worn)
 x - a +0 pair of gloves (worn)
 y - a +0 pair of boots (worn)
 H - a +1 leather armour of fire resistance
 K - a +2 helmet of see invisible (worn)
Magical Staves
 h - an uncursed staff of air
Jewellery
 b - a ring of resist corrosion (right hand)
 n - an amulet of guardian spirit (around neck)
 q - a ring of protection from magic (left hand)
Wands
 p - a wand of flame (17)
 w - a wand of polymorph (21)
 D - a wand of random effects (33)
 J - a wand of iceblast (11)
Scrolls
 i - 2 scrolls of teleportation {!r}
 l - 2 scrolls of enchant armour {!r}
 u - 3 scrolls of magic mapping {!r}
 B - 2 scrolls of fear {!r}
 C - 4 scrolls of remove curse {!r}
Potions
 e - a potion of invisibility {!q, unknown}
 f - 2 potions of ambrosia {!q}
 g - 4 potions of haste {!q}
 j - 2 potions of brilliance {!q}
 m - 6 potions of curing {!q}
 o - 2 potions of mutation {!q, unknown}
 t - 2 potions of degeneration {!q, unknown}
 v - a potion of might {!q}
 z - a potion of cancellation {!q, unknown}
 E - a potion of resistance {!q}
 F - a potion of berserk rage {!q, unknown}
Miscellaneous
 c - a tin of tremorstones
 G - a phial of floods (inert)
 L - a lightning rod (1/4)
Comestibles
 d - 21 rations


   Skills:
 - Level 2.4 Dodging
 - Level 2.4 Stealth
 - Level 15.0 Spellcasting
 - Level 1.1 Conjurations
 - Level 1.1 Summonings
 - Level 1.1 Translocations
 + Level 12.7 Ice Magic


You had 22 spell levels left.
You knew the following spells:

 Your Spells              Type           Power        Failure   Level  Hunger
a - Magic Dart            Conj           ####         1%          1    None
b - Call Imp              Summ           ####....     2%          2    None
c - Ensorcelled Hibernat  Hex/Ice        ######       1%          2    None
d - Freeze                Ice            ####         0%          1    None
e - Mephitic Cloud        Conj/Pois/Air  ###.....     7%          3    None
s - Conjure Flame         Conj/Fire      ###.....     6%          3    None
v - Blink                 Tloc           N/A          2%          2    None
w - Tukima's Dance        Hex            ###.....     8%          3    None

Your spell library contained the following spells:

 Spells                   Type           Power        Failure   Level  Hunger
 Corona                   Hex            ###....      2%          1    None
 Slow                     Hex            ###.....     3%          2    None
 Dazzling Flash           Conj/Hex       ###...       6%          3    None
 Confusing Touch          Hex            ###.....     8%          3    None


Dungeon Overview and Level Annotations

Branches:
Dungeon (10/15)            Temple (1/1) D:4             Orc (1/2) D:9
   Lair: D:8-11

Altars:
Ashenzari
Cheibriados
Dithmenos
Elyvilon
Fedhas
Gozag
Hepliaklqana
Kikubaaqudgha
Makhleb
Nemelex Xobeh
Okawaru
Qazlal
Ru
Sif Muna
Trog
Uskayaw
Vehumet
Wu Jian
Xom
Yredelemnul
Zin
The Shining One

Shops:
D:4 !

Annotations:
D:9 1 transporter, Lauz's ghost, novice DrCj


Message History

The magic dart hits you!
Casting: Mephitic Cloud (safe; 7% risk of failure)
Confirm with . or Enter, or press ? or * to list all spells.
The fire begins to smolder!
Vehumet accepts your kill.
You hear a sizzling splash. x2
Your lightning rod (1/4) has regained one charge.
You feel a bit more experienced.
The fire ignites!
Casting: Conjure Flame (safe; 6% risk of failure)
Confirm with . or Enter, or press ? or * to list all spells.
Aiming: Mephitic Cloud (safe; 7% risk of failure)
Press: ? - help, Shift-Dir - straight line, f - moth of wrath
Aim: a moth of wrath That beam is likely to hit you.
Continue anyway?
The ball explodes into a vile cloud!
The stinking cloud engulfs the moth of wrath but does no damage.
The stinking cloud engulfs you but does no damage.
You are engulfed in noxious fumes.
The moth of wrath is engulfed in noxious fumes.
The moth of wrath closely misses you.
The moth of wrath is engulfed in noxious fumes.
The moth of wrath appears confused.
The moth of wrath bites you but does no damage.
Casting: Mephitic Cloud (safe; 7% risk of failure)
Confirm with . or Enter, or press ? or * to list all spells.
You blink.
The moth of wrath is engulfed in noxious fumes.
You catch the helpless moth of wrath completely off-guard!
You hit the moth of wrath.
The moth of wrath is poisoned.
The moth of wrath is lightly wounded.
The moth of wrath is engulfed in noxious fumes.
The moth of wrath appears confused.
The moth of wrath is engulfed in noxious fumes.
You hit the moth of wrath.
The moth of wrath looks as sick as possible!
The moth of wrath is moderately wounded.
The moth of wrath is engulfed in noxious fumes.
The moth of wrath appears confused.
The moth of wrath bites you! The moth of wrath infuriates you!
A red film seems to cover your vision as you go berserk!
You feel yourself moving faster!
You feel mighty! The troll bites you! The troll claws you!
* * * LOW HITPOINT WARNING * * *
The troll claws you!
* * * LOW HITPOINT WARNING * * *
You slash the troll!
The troll is poisoned.
The troll is lightly wounded.
You catch the helpless moth of wrath completely off-guard!
You hit the moth of wrath.
The moth of wrath looks as sick as possible!
The moth of wrath is engulfed in noxious fumes.
The moth of wrath appears confused.
The troll bites you.
* * * LOW HITPOINT WARNING * * *
The troll barely misses you. The troll closely misses you.
You closely miss the troll.
The troll is lightly wounded.
You hit the moth of wrath.
The moth of wrath looks as sick as possible!
The moth of wrath is engulfed in noxious fumes.
The moth of wrath appears confused.
The moth of wrath bites you!
* * * LOW HITPOINT WARNING * * *
The troll bites you!
You die...

#.#.......#########...####..#...
#.#######.# ###...©...##.##...
##.# #.## ##...#####.........
#..## ###..# #..###...###...#...
#...####....###.###...C..##.#####
###.............####T....##..#
######.##.##.##.#§#y.#####.#
#####.##..#.#..##§!$§#..#.#
#.....###.#.#@T..._.##..#.#
####.##### #.#.#yC.#.......#.#
...(.# #...##.##≈.....##.# .....#
###..#○.##.....#..# ...).#
##.###§#....##.##### .(..##
#..###W©.###..##...
....############...#####.......#.
....#................©.....#####.
....#.##############......## #.


You could see a moth of wrath (confused), a cyclops, a troll and Lauz's ghost.

Vanquished Creatures
  A two-headed ogre (D:9)
  The ghost of StormphoenixUK the Basher, a novice GrFi of Okawaru (D:8)
  A cyclops (D:9)
  A moth of wrath (D:8)
  Maurice (D:8)
  4 hippogriffs
  A spriggan (D:7)
  A wyvern (D:8)
  A shadow (D:9)
  A steam dragon (D:7)
  Eustachio (D:5)
  A dancing weapon (D:7)
  A soldier ant (D:8)
  The ghost of bohran the Gusty, an amateur TeAE (D:3)
  5 orc warriors
  A sky beast (D:5)
  A water moccasin (D:8)
  A necrophage (D:5)
  3 ice beasts
  The ghost of Enish the Skirmisher, an amateur CeFE of Makhleb (D:3)
  A phantom (D:9)
  2 crocodiles
  2 ogres
  2 centaurs (D:8)
  2 bullfrogs
  A gnoll sergeant (D:9)
  2 scorpions
  5 wights
  3 howler monkeys
  A centaur zombie (D:9)
  3 crimson imps (D:8)
  A quasit (D:9)
  4 orc wizards
  A centaur skeleton (D:10)
  2 hounds
  2 jellies (D:9)
  4 orc priests
  A gnoll shaman (D:8)
  Ijyb (D:5)
  4 iguanas
  6 worker ants
  A hound skeleton (D:6)
  18 gnolls
  2 adders
  2 adder skeletons
  2 worms (D:3)
  5 leopard geckos
  29 orcs
  A giant cockroach (D:2)
  3 goblins
  4 hobgoblins
  11 jackals
  5 quokkas
  3 bats
  4 frilled lizards
  A kobold (D:3)
  2 quokka skeletons
  3 rats
175 creatures vanquished.

Vanquished Creatures (collateral kills)
  Grinder (D:5)
  The ghost of bohran the Gusty, an amateur TeAE (D:3)
  Crazy Yiuf (D:4)
  A worker ant (D:4)
  2 orcs (D:8)
6 creatures vanquished.

Vanquished Creatures (others)
  2 orc warriors
  2 sky beasts
  A scorpion (D:9)
  A hound (D:9)
  2 orcs
  2 withered plants (D:3)
10 creatures vanquished.

Grand Total: 191 creatures vanquished

Notes
Turn   | Place    | Note
-------+----------+-------------------------------------------
     0 | D:1      | Amnesiac the Deep Elf Wizard began the quest for the Orb.
     0 | D:1      | Reached XP level 1. HP: 10/10 MP: 7/7
   263 | D:1      | Reached skill level 5 in Spellcasting
   328 | D:2      | Found a snail-covered altar of Cheibriados,
   336 | D:2      | Reached XP level 2. HP: 15/15 MP: 5/10
   342 | D:2      | Learned a level 2 spell: Blink
   378 | D:2      | Learned a level 2 spell: Call Imp
   614 | D:2      | Found a bloodstained altar of Trog,
   787 | D:2      | Found a glowing golden altar of the Shining One,
   898 | D:4      | Reached skill level 6 in Spellcasting
   898 | D:4      | Reached XP level 3. HP: 11/19 MP: 4/12
   906 | D:4      | Learned a level 3 spell: Mephitic Cloud
   910 | D:4      | Learned a level 3 spell: Conjure Flame
  1057 | D:4      | Reached XP level 4. HP: 3/24 MP: 2/14
  1291 | D:4      | Found a staircase to the Ecumenical Temple,
  1295 | Temple   | Entered the Ecumenical Temple
  1535 | D:4      | Reached skill level 7 in Spellcasting
  1697 | D:4      | Found Dynkas's Distillery,
  1697 | D:4      | Noticed an ogre
  1709 | D:4      | Killed an ogre
  1709 | D:4      | Reached skill level 8 in Spellcasting
  1709 | D:4      | Reached XP level 5. HP: 28/28 MP: 7/18
  1965 | D:4      | Found a runed translucent door,
  1966 | D:4      | Noticed Crazy Yiuf
  1988 | D:4      | Killed Crazy Yiuf
  2112 | D:3      | Found a sacrificial altar of Ru,
  2206 | D:3      | Reached skill level 9 in Spellcasting
  2252 | D:3      | Found a runed translucent gate,
  2252 | D:3      | Found a runed translucent gate,
  2252 | D:3      | Found a runed translucent gate,
  2252 | D:3      | Noticed Enish's ghost (amateur CeFE)
  2253 | D:3      | Noticed bohran's ghost (amateur TeAE)
  2253 | D:3      | Noticed bohran's ghost (amateur TeAE)
  2654 | D:3      | Reached XP level 6. HP: 30/32 MP: 11/20
  2940 | D:3      | Killed bohran's ghost
  3135 | D:3      | Killed Enish's ghost
  3515 | D:3      | Killed bohran's ghost
  3515 | D:3      | Reached skill level 10 in Spellcasting
  3844 | D:2      | Reached XP level 7. HP: 36/36 MP: 7/23
  4008 | D:2      | Found a shadowy altar of Dithmenos,
  4284 | D:5      | Entered Level 5 of the Dungeon
  4292 | D:5      | Noticed Grinder
  4322 | D:5      | Killed Grinder
  4322 | D:5      | Reached skill level 11 in Spellcasting
  4434 | D:5      | Got a smoking scale mail
  4462 | D:5      | Identified the cursed +1 scale mail "Mokof" {Dex+3} (You
                  | found it on level 5 of the Dungeon)
  4793 | D:5      | Noticed Ijyb
  4801 | D:5      | Killed Ijyb
  4924 | D:5      | Noticed Eustachio
  4939 | D:5      | Killed Eustachio
  4939 | D:5      | Reached skill level 12 in Spellcasting
  4977 | D:5      | Found a blossoming altar of Fedhas,
  5399 | D:5      | Reached XP level 8. HP: 35/41 MP: 12/26
  5751 | D:6      | Reached skill level 13 in Spellcasting
  6427 | D:6      | Found a stormy altar of Qazlal,
  6664 | D:7      | Noticed a hippogriff
  6667 | D:7      | Found a shattered altar of Ashenzari,
  6675 | D:7      | Found an ornate altar of the Wu Jian Council,
  6749 | D:6      | Killed a hippogriff
  6749 | D:6      | Reached skill level 14 in Spellcasting
  7228 | D:7      | Learned a level 2 spell: Ensorcelled Hibernation
  7329 | D:7      | Learned a level 3 spell: Tukima's Dance
  7344 | D:7      | Reached skill level 1 in Ice Magic
  7406 | D:7      | Reached XP level 9. HP: 43/45 MP: 13/29
  7539 | D:7      | Found a glowing silver altar of Zin,
  7539 | D:7      | Found a glowing golden altar of the Shining One,
  7545 | D:7      | Found a white marble altar of Elyvilon,
  7547 | D:7      | Found a radiant altar of Vehumet,
  7549 | D:7      | Found an opulent altar of Gozag,
  7565 | D:7      | Became a worshipper of Vehumet
  8360 | D:8      | Reached skill level 15 in Spellcasting
  8843 | D:8      | Found a shimmering blue altar of Sif Muna,
  8856 | D:8      | Identified Sif Muna's Guide on Beguiling
  8934 | D:7      | Reached skill level 5 in Ice Magic
  9494 | D:9      | Found a staircase to the Orcish Mines,
  9805 | D:8      | Noticed Maurice
  9835 | D:8      | Killed Maurice
  9877 | D:8      | Noticed StormphoenixUK's ghost (novice GrFi)
  9877 | D:8      | Noticed a moth of wrath
  9886 | D:8      | Found a transporter,
  9902 | D:8      | Found a transporter,
 10310 | D:8      | Reached * piety under Vehumet
 10310 | D:8      | Offered knowledge of Freeze by Vehumet.
 10317 | D:8      | Learned a level 1 spell: Freeze
 10498 | D:8      | Reached XP level 10. HP: 21/50 MP: 23/31
 10810 | D:8      | Killed a moth of wrath
 10810 | D:8      | Reached skill level 10 in Ice Magic
 11150 | D:8      | Killed StormphoenixUK's ghost
 11363 | D:9      | Noticed Lauz's ghost (novice DrCj)
 11364 | D:9      | Found a bloodstained altar of Trog,
 11364 | D:9      | Found a transporter,
 11364 | D:9      | Noticed a two-headed ogre
 11365 | D:9      | Noticed a moth of wrath
 11379 | D:9      | Found a transporter,
 11382 | D:9      | Noticed a cyclops
 11410 | D:9      | Found a shimmering altar of Xom,
 12161 | IceCv    | Identified a paperback manual
 12161 | Orc:1    | Entered Level 1 of the Orcish Mines
 12169 | Orc:1    | Noticed a cyclops
 12364 | D:9      | Killed a cyclops
 12446 | D:10     | Entered Level 10 of the Dungeon
 12524 | D:10     | Noticed a gargoyle
 12853 | D:9      | Killed a two-headed ogre
 12861 | D:9      | Slain by a troll

Levels and vault maps discovered:
D:1:      dpeg_chamrin_arrival_tetris, layout_rooms, wad_floor_pattern_untrapped
D:2:      layout_rooms, lemuel_crystal_altar, nicolae_overflow_crystal_walls,
          nicolae_overflow_hidden_temple, tso_metal_star
D:3:      layout_rooms, gammafunk_ghost_cemetery, nicolae_ru_awakened_eye
D:4:      layout_rooms, temple_hall_moat, serial_shops, shop,
          uniq_crazy_yiuf_cottage
D:5:      layout_cave_pods, fedhas_ov_isle_minmay, first_ration,
          minmay_misc_feat_more_columns, uniq_eustachio, uniq_ijyb, uniq_grinder
D:6:      layout_gridville, lemuel_coloured_pillars_altar
D:7:      layout_rooms, chequers_temple_overflow_minitemple,
          lemuel_doored_altar, the_bakery, ashenzari_altar_1
D:8:      layout_basic, led_sif_book, special_room [special_room_orc],
          gammafunk_ghost_berserking_beasts, bh_chokoban, uniq_maurice
D:9:      layout_rooms, xom_confusion_cloud, gammafunk_ghost_wrathful_warriors
D:10:     layout_cave_pools
Temple:   chequers_temple_sunken
Orc:1:    layout_diamond_mine, basic_altar, abandoned_shop

Skill      XL: |  1  2  3  4  5  6  7  8  9 10 |
---------------+-------------------------------+-----
Spellcasting   | 5 6 8 9 10 12 14 15 | 15.0
Ice Magic      | 1 9 12 | 12.7
Dodging        | |  2.4
Stealth        | |  2.4
Conjurations   | |  1.1
Summonings     | |  1.1
Translocations | |  1.1

Action                   |  1- 3 |  4- 6 |  7- 9 | 10-12 || total
-------------------------+-------+-------+-------+-------++-------
Melee: Mace              |     3 |     5 |       |       ||     8
       Quarterstaff      |       |    29 |    50 |       ||    79
       Hand crossbow     |       |       |     2 |       ||     2
       War axe           |       |       |       |    45 ||    45
 Fire: Hand crossbow     |       |       |   131 |    24 ||   155
Throw: Stone             |       |       |     2 |       ||     2
 Cast: Magic Dart        |    52 |    87 |   257 |    96 ||   492
       Call Imp          |     2 |    10 |    10 |    10 ||    32
       Mephitic Cloud    |     1 |     8 |    44 |    10 ||    63
       Conjure Flame     |     1 |     8 |    19 |    13 ||    41
       Blink             |       |       |    12 |     5 ||    17
       Tukima's Dance    |       |       |     2 |     3 ||     5
       Freeze            |       |       |     5 |    10 ||    15
Evoke: Wand              |       |       |     3 |     6 ||     9
       Lightning rod     |       |       |       |     4 ||     4
       Tin of tremorston |       |       |       |     3 ||     3
       Phial of floods   |       |       |       |     1 ||     1
  Use: Potion            |     1 |       |     1 |       ||     2
       Scroll            |       |     7 |     5 |     2 ||    14
 Stab: Confused          |       |     1 |     1 |     2 ||     4
       Distracted        |       |       |     1 |       ||     1
       Petrified         |       |       |     2 |       ||     2
       Sleeping          |       |       |       |     1 ||     1
  Eat: Chunk             |       |     6 |    16 |     7 ||    29
       Ration            |       |     1 |     1 |       ||     2
Armor: Robe              |     7 |     7 |    62 |    25 ||   101
Dodge: Dodged            |    36 |    39 |   110 |    57 ||   242

Table legend:
 A = Non-vault XP
 B = Vault XP
 C = Vault XP percentage of total XP
 D = Non-vault monster count
 E = Vault monster count
 F = Vault count percentage of total count
                 A         B        C        D         E       F
            +---------+---------+-------+---------+---------+-------
      Total |    5728 |    4615 |  44.6 |     149 |      34 |  18.6
            +---------+---------+-------+---------+---------+-------
        D:1 |      13 |       0 |   0.0 |       8 |       0 |   0.0
        D:2 |      77 |       0 |   0.0 |      14 |       0 |   0.0
        D:3 |      48 |     311 |  86.6 |      20 |       3 |  13.0
        D:4 |     286 |      19 |   6.2 |      15 |       1 |   6.2
        D:5 |     309 |     402 |  56.5 |       7 |       3 |  30.0
        D:6 |     880 |       0 |   0.0 |      22 |       0 |   0.0
        D:7 |     596 |     211 |  26.1 |      12 |       1 |   7.7
        D:8 |    1908 |    2419 |  55.9 |      31 |      21 |  40.4
        D:9 |    1234 |    1253 |  50.4 |      13 |       5 |  27.8
       D:10 |     371 |       0 |   0.0 |       5 |       0 |   0.0
      Orc:1 |       6 |       0 |   0.0 |       2 |       0 |   0.0
            +---------+---------+-------+---------+---------+-------
